Map: Apotheosis LE

Players

아이유 - Winner!

  • Race: Zerg Zerg
  • League: Master

NORTHAMERICA

  • Race: Protoss Protoss
  • League: Master

VOD

Have the link to the VOD?

Description

Time

  • Played on: July 14, 2016, 12:33 a.m.
  • Length: 10:37
Show
View Real Time Build Order
Export as new Build Order

아이유 Zerg - Winner!

Build Orders: 3 Hatch before Pool 

Get SALT Encoding   

  12  0:01  Drone  
  13  0:13  Overlord  
  13  0:17  Drone  
  14  0:32  Drone x2  
  14  0:35  Drone  
  17  0:53  Hatchery  
  17  0:55  Drone  
  17  0:58  Drone  
  18  1:21  Hatchery  
  17  1:28  Drone  
  17  1:30  Extractor  
  17  1:38  Spawning Pool  
  16  1:41  Drone  
  16  1:44  Drone  
  18  1:47  Drone  
  19  1:57  Drone  
  20  2:05  Drone x2  
  22  2:15  Drone  
  22  2:16  Overlord  
  23  2:24  Queen  
  23  2:25  Queen  
  23  2:29  Drone  
  28  2:34  Metabolic Boost  
  28  2:38  Drone  
  28  2:40  Drone  
  30  2:44  Zergling x2  
  30  2:46  Zergling x2  
  30  2:49  Drone  
  33  2:51  Drone  
  33  2:53  Drone  
  33  2:56  Drone  
  36  3:03  Queen  
  36  3:04  Drone  
  39  3:07  Zergling x2  
  39  3:10  Overlord  
  40  3:14  Zergling x2  
  40  3:15  Drone  
  40  3:18  Overlord  
  42  3:28  Overlord  
  42  3:30  Drone x3  
  42  3:32  Drone x3  
  48  3:37  Drone x3  
  51  3:41  Lair  
  51  3:45  Drone x2  
  53  3:48  Drone  
  53  3:49  Drone  
  55  3:57  Overlord  
  55  4:00  Drone  
  55  4:01  Extractor  
  55  4:02  Extractor  
  54  4:03  Roach Warren  
  54  4:07  Drone x3  
  54  4:08  Drone x3  
  54  4:09  Drone  
  61  4:10  Drone  
  61  4:17  Zergling x10  
  61  4:18  Zergling x4  
  61  4:23  Overlord  
  68  4:26  Zergling x2  
  68  4:28  Zergling x2  
  70  4:37  Zergling x8  
  74  4:40  Overlord  
  74  4:41  Overlord  
  74  4:44  Glial Reconstitution  
  74  4:45  Overseer  
  74  4:47  Roach  
  74  4:48  Roach x3  
  80  5:01  Roach x4  
  80  5:02  Roach x2  
  80  5:04  Roach  
  86  5:11  Roach x3  
  86  5:13  Overlord x2  
  89  5:16  Extractor  
  89  5:19  Roach  
  89  5:20  Roach x2  
  90  5:23  Overlord  
  90  5:31  Roach x3  
  90  5:32  Roach x3  
  90  5:35  Roach  
  104  5:41  Overlord  
  104  5:43  Roach x3  
  104  5:44  Overlord  
  104  5:45  Zergling x2  
  104  5:46  Zergling x6  
  114  5:56  Overlord  
  114  6:00  Roach x4  
  114  6:03  Roach  
  124  6:06  Hatchery  
  124  6:11  Zergling x6  
  125  6:16  Roach x2  
  125  6:17  Roach x4  
  138  6:24  Overlord x2  
  137  6:31  Ravager x3  
  138  6:44  Zergling x2  
  138  6:45  Zergling x14  
  129  6:54  Zergling x4  
  129  6:55  Zergling x14  
  129  6:58  Zergling x2  
  131  7:09  Zergling x6  
  131  7:13  Roach  
  131  7:14  Roach  
  131  7:18  Hydralisk Den  
  124  7:27  Drone x2  
  124  7:28  Drone  
  124  7:29  Extractor  
  110  7:43  Drone x3  
  109  7:47  Queen  
  109  7:48  Drone x11  
  111  7:59  Muscular Augments  
  111  8:03  Roach  
  111  8:04  Roach x4  
  108  8:08  Spire, Extractor  
  105  8:12  Zergling x2  
  105  8:13  Zergling x16  
  105  8:18  Extractor  
  105  8:19  Extractor  
  99  8:34  Drone x3  
  94  9:02  Overseer  
  94  9:09  Drone x3  
  97  9:12  Hatchery  
  95  9:20  Mutalisk x10  
  95  9:21  Mutalisk x7  
  95  9:24  Zergling x16  
  116  9:29  Mutalisk  
  116  9:30  Mutalisk  
  121  9:35  Mutalisk  
  121  9:42  Queen  
  121  9:43  Mutalisk  
  121  9:44  Mutalisk  
  127  9:47  Zergling x2  
  127  9:48  Zergling x18  
  137  9:55  Mutalisk  
  137  9:58  Mutalisk  
  141  10:01  Zergling x4  
  143  10:07  Evolution Chamber, Mutalisk x2  
  143  10:08  Evolution Chamber  
  145  10:16  Zergling x14  
Show
View Real Time Build Order
Export as new Build Order

NORTHAMERICA Protoss 

Build Orders: 1 Gate Expand 

Get SALT Encoding   

  12  0:01  Probe (Chrono Boost)  
  13  0:11  Probe (Chrono Boost)  
  14  0:24  Pylon, Probe (Chrono Boost)  
  15  0:42  Probe (Chrono Boost)  
  16  0:46  Gateway  
  16  0:53  Probe (Chrono Boost)  
  16  0:54  Assimilator  
  17  1:03  Probe (Chrono Boost)  
  18  1:14  Probe (Chrono Boost)  
  19  1:23  Nexus  
  19  1:33  Cybernetics Core  
  19  1:37  Probe (Chrono Boost)  
  20  1:46  Assimilator  
  20  1:47  Probe (Chrono Boost)  
  20  1:53  Pylon  
  21  1:58  Probe (Chrono Boost)  
  22  2:04  Warp Gate  
  22  2:07  Adept  
  23  2:09  Probe (Chrono Boost)  
  26  2:23  Probe (Chrono Boost)  
  26  2:26  Twilight Council  
  26  2:35  Probe (Chrono Boost)  
  26  2:36  Probe (Chrono Boost)  
  28  2:43  Adept  
  30  2:46  Probe (Chrono Boost)  
  30  2:50  Resonating Glaives, Pylon  
  32  2:58  Probe (Chrono Boost)  
  32  3:07  Probe (Chrono Boost)  
  32  3:11  Probe (Chrono Boost)  
  34  3:13  Gateway  
  34  3:19  Gateway  
  34  3:23  Probe (Chrono Boost)  
  34  3:27  Adept  
  37  3:30  Probe (Chrono Boost)  
  39  3:35  Probe (Chrono Boost)  
  41  3:44  Mothership Core (Chrono Boost)  
  41  3:48  Probe (Chrono Boost)  
  42  3:59  Pylon  
  42  4:00  Probe (Chrono Boost)  
  44  4:10  Probe (Chrono Boost)  
  44  4:11  Adept x2  
  44  4:13  Adept  
  50  4:19  Probe (Chrono Boost)  
  50  4:22  Probe (Chrono Boost)  
  52  4:28  Nexus  
  52  4:29  Pylon  
  53  4:31  Probe (Chrono Boost)  
  53  4:34  Probe (Chrono Boost)  
  53  4:35  Sentry x3  
  60  4:41  Pylon  
  60  4:43  Probe (Chrono Boost)  
  62  4:46  Probe (Chrono Boost)  
  62  4:49  Pylon  
  62  4:55  Probe (Chrono Boost)  
  62  4:58  Probe (Chrono Boost)  
  64  5:06  Assimilator  
  63  5:07  Probe (Chrono Boost)  
  63  5:09  Robotics Facility, Assimilator  
  63  5:10  Probe (Chrono Boost)  
  62  5:18  Adept x3  
  62  5:19  Probe (Chrono Boost)  
  70  5:22  Probe (Chrono Boost)  
  70  5:28  Forge  
  70  5:29  Probe (Chrono Boost)  
  70  5:32  Probe (Chrono Boost)  
  72  5:39  Blink  
  72  5:40  Probe (Chrono Boost)  
  72  5:42  Probe (Chrono Boost)  
  74  5:43  Probe (Chrono Boost)  
  75  5:51  Probe (Chrono Boost)  
  75  5:52  Forge  
  75  5:53  Probe (Chrono Boost)  
  75  5:54  Gateway, Probe (Chrono Boost)  
  75  5:55  Observer  
  78  6:01  Protoss Ground Weapons Level 1  
  78  6:03  Probe x2 (Chrono Boost)  
  81  6:05  Gateway  
  81  6:06  Probe (Chrono Boost)  
  81  6:08  Gateway  
  82  6:13  Stalker x2  
  82  6:14  Probe (Chrono Boost)  
  82  6:16  Probe (Chrono Boost)  
  89  6:18  Probe (Chrono Boost)  
  89  6:19  Stalker  
  89  6:21  Pylon  
  89  6:24  Probe (Chrono Boost)  
  92  6:27  Assimilator  
  92  6:28  Probe (Chrono Boost), Assimilator  
  93  6:37  Robotics Bay  
  93  6:38  Pylon  
  93  6:42  Robotics Facility  
  93  6:44  Immortal  
  93  6:45  Stalker x2  
  93  6:46  Stalker  
  93  6:59  Pylon  
  89  7:01  Pylon  
  87  7:09  Stalker  
  87  7:11  Stalker  
  87  7:12  Stalker  
  83  7:22  Disruptor  
  76  7:31  Pylon  
  76  7:34  Disruptor  
  76  7:35  Adept  
  76  7:36  Adept  
  83  7:42  Adept  
  85  7:46  Pylon  
  85  7:48  Adept x2  
  77  8:03  Adept x4  
  75  8:09  Adept  
  75  8:10  Adept  
  59  8:28  Adept  
  59  8:29  Adept x3  
  59  8:33  Probe (Chrono Boost)  
  68  8:37  Probe (Chrono Boost)  
  68  8:38  Gateway  
  69  8:41  Pylon  
  69  8:42  Gateway  
  69  8:44  Pylon  
  69  8:45  Probe (Chrono Boost)  
  71  8:50  Probe (Chrono Boost)  
  71  8:52  Zealot x4, Warp Prism  
  71  8:53  Zealot x2  
  83  8:58  Cybernetics Core  
  85  9:05  Disruptor  
  88  9:12  Gateway  
  88  9:29  Probe (Chrono Boost)  
  87  9:36  Pylon, Probe (Chrono Boost)  
  87  9:37  Pylon  
  88  9:38  Pylon  
  88  9:39  Observer  
  88  9:41  Stargate  
  89  9:45  Stargate  
  89  9:57  Photon Cannon  
  89  10:00  Stargate  
  89  10:03  Stalker x2  
  89  10:04  Stalker x2  
Tags
 
Add a new tag
Caveats
  • Supply blocks, unpowered buildings, or Contaminate may cause inaccurate times.
  • Supply counts are checked every 10 seconds.